APP
BALTIMORE (APP) ORIOLES @ GREENEVILLE ASTROS
07/29/2044
 
TOP OF THE 1ST
Baltimore (APP) Orioles batting - Pitching for Greeneville Astros : RHP Bruce Bermudez
Pitching: RHP Bruce Bermudez
Batting: LHB Eric Jackson 0-0: Bunted foul
0-1: Ball
1-1: Foul Ball, location: 2F
1-2: Fly out, F8 (Flyball, 78M, EV 89.4 MPH)
Batting: RHB Mike Zepeda 0-0: Ground out 5-3 (Groundball, 56, EV 113.1 MPH)
Batting: RHB Jeremy Sipe 0-0: Called Strike
0-1: Ball
1-1: Foul Ball, location: 2F
1-2: SINGLE (Line Drive, 34D, EV 95.0 MPH)
Batting: LHB Bill Ostlund 0-0: Ball
Jeremy Sipe steals 2nd base
1-0: Called Strike
1-1: Foul Ball, location: 2F
1-2: Foul Ball, location: 2F
1-2: 2-RUN HOME RUN (Flyball, 89XD, EV 112.5 MPH), Distance : 432 ft
Batting: RHB J.J. Basil 0-0: Ball
1-0: Ball
2-0: Called Strike
2-1: Ball
3-1: Base on Balls
Batting: LHB Rodolfo Montes 0-0: Ball
1-0: Ball
2-0: Called Strike
2-1: Ball
3-1: Foul Ball, location: 2F
3-2: Base on Balls
J.J. Basil to second
Batting: RHB Fernando Bravo 0-0: SINGLE (Groundball, 6MD, EV 95.6 MPH)
J.J. Basil to third
Rodolfo Montes to second
Throwing error, E8
J.J. Basil scores
Rodolfo Montes to third
Fernando Bravo to second
Batting: RHB Ryan Vest 0-0: Ball
1-0: Swinging Strike
1-1: Called Strike
1-2: Ball
2-2: Ball
Wild Pitch!
Rodolfo Montes scores
Fernando Bravo to third
3-2: Base on Balls
Batting: RHB Ioan Biros 0-0: Called Strike
0-1: Called Strike
0-2: Ball
1-2: DOUBLE (Line Drive, 7LM, EV 103.1 MPH)
Fernando Bravo scores
Ryan Vest to third
Runner from 3rd tries for Home, SAFE, throw by LF to trailing runner, SAFE at third!
Batting: LHB Eric Jackson 0-0: SINGLE (Groundball, 56, EV 108.1 MPH) (infield hit)
Ioan Biros scores
Batting: RHB Mike Zepeda 0-0: Called Strike
Eric Jackson steals 2nd base
0-1: Ball
1-1: Swinging Strike
Balk!
Eric Jackson to third
1-2: Ball
2-2: Ball
3-2: Foul Ball, location: 2F
3-2: Base on Balls
Batting: RHB Jeremy Sipe 0-0: Ball
1-0: Ball
2-0: Foul Ball, location: 2F
2-1: 3-RUN HOME RUN (Line Drive, 7LD, EV 98.1 MPH), Distance : 367 ft
Pitching: LHP Lou Toth
Batting: LHB Bill Ostlund 0-0: Ball
1-0: Called Strike
1-1: Swinging Strike
1-2: Ball
2-2: Foul Ball, location: 2F
2-2: Foul Ball, location: 2F
2-2: Ball
3-2: Foul Ball, location: 2F
3-2: SINGLE (Groundball, 34D, EV 108.1 MPH) (infield hit)
Batting: RHB J.J. Basil 0-0: Ball
1-0: Foul Ball, location: 2F
1-1: Ball
2-1: Foul Ball, location: 2F
2-2: Ball
3-2: Base on Balls
Bill Ostlund to second
Batting: LHB Rodolfo Montes 0-0: Ball
1-0: Ball
2-0: Swinging Strike
2-1: Ball
3-1: Foul Ball, location: 2F
3-2: Base on Balls
Bill Ostlund to third
J.J. Basil to second
Pitching: RHP To-wai Chen
Batting: RHB Fernando Bravo 0-0: Ball
1-0: Ball
2-0: Foul Ball, location: 2F
2-1: Ball
3-1: Swinging Strike
3-2: Base on Balls
Bill Ostlund scores
J.J. Basil to third
Rodolfo Montes to second
Batting: RHB Ryan Vest 0-0: Ball
1-0: Ball
2-0: Ball
3-0: Base on Balls
J.J. Basil scores
Rodolfo Montes to third
Fernando Bravo to second
Batting: RHB Ioan Biros 0-0: Fielders Choice at 2nd, 6-4 (Groundball, 6, EV 103.8 MPH)
Top of the 1st over - 12 runs, 7 hits, 1 error, 3 left on base; Baltimore (APP) 12 - Greeneville 0
BOTTOM OF THE 1ST
Greeneville Astros batting - Pitching for Baltimore (APP) Orioles : RHP Adam Browne
Pitching: RHP Adam Browne
Batting: RHB Jason Monico 0-0: Called Strike
0-1: Ball
1-1: Foul Ball, location: 2F
1-2: Ball
2-2: Ball
3-2: Foul Ball, location: 2F
3-2: Strikes out swinging
Batting: RHB Edgar Trejo 0-0: Ball
1-0: Called Strike
1-1: Swinging Strike
1-2: Foul Ball, location: 2F
1-2: Ball
2-2: Ball
3-2: Strikes out looking
Batting: LHB Josh Birkner 0-0: Ball
1-0: Ball
2-0: Ground out 1-3 (Groundball, P, EV 61.2 MPH)
Bottom of the 1st over - 0 runs, 0 hits, 0 errors, 0 left on base; Baltimore (APP) 12 - Greeneville 0
TOP OF THE 2ND
Baltimore (APP) Orioles batting - Pitching for Greeneville Astros : RHP To-wai Chen
Batting: LHB Eric Jackson 0-0: Called Strike
0-1: Foul Ball, location: 2F
0-2: Foul Ball, location: 2F
0-2: Fly out, F9 (Line Drive, 9D, EV 110.0 MPH)
Batting: RHB Mike Zepeda 0-0: Ball
1-0: Ball
2-0: Ball
3-0: Base on Balls
Pitching: RHP Keith Goodwin
Batting: RHB Jeremy Sipe 0-0: Ball
1-0: Fly out, F8 (Flyball, 8LD, EV 81.2 MPH)
Batting: LHB Bill Ostlund 0-0: Ball
1-0: Called Strike
1-1: Ball
2-1: Ball
3-1: Base on Balls
Mike Zepeda to second
Batting: RHB J.J. Basil 0-0: SINGLE (Groundball, 6, EV 96.9 MPH)
Mike Zepeda to third
Bill Ostlund to second
Runner from 3rd tries for Home, SAFE, throw by CF to home
Batting: LHB Rodolfo Montes 0-0: Ball
Wild Pitch!
Bill Ostlund to third
J.J. Basil to second
1-0: Ball
2-0: Ball
3-0: Base on Balls
Batting: RHB Fernando Bravo 0-0: Foul Ball, location: 2F
0-1: Swinging Strike
0-2: Foul Ball, location: 2F
0-2: Fly out, F7 (Flyball, 78D, EV 89.4 MPH)
Top of the 2nd over - 1 run, 1 hit, 0 errors, 3 left on base; Baltimore (APP) 13 - Greeneville 0
BOTTOM OF THE 2ND
Greeneville Astros batting - Pitching for Baltimore (APP) Orioles : RHP Adam Browne
Batting: RHB Ryan Salas 0-0: Ground out U3 (Groundball, 3, EV 82.5 MPH)
Batting: RHB Nate Britton 0-0: Fly out, F8 (Line Drive, 8LD, EV 91.2 MPH)
Batting: RHB Workneh Lagat 0-0: Called Strike
0-1: Ball
1-1: Ball
2-1: Ball
3-1: SINGLE (Groundball, 56D, EV 99.4 MPH)
Batting: LHB Jackson Trottier 0-0: Called Strike
0-1: Ball
1-1: Foul Ball, location: 2F
1-2: Fly out, F8 (Flyball, 78D, EV 98.1 MPH)
Bottom of the 2nd over - 0 runs, 1 hit, 0 errors, 1 left on base; Baltimore (APP) 13 - Greeneville 0
TOP OF THE 3RD
Baltimore (APP) Orioles batting - Pitching for Greeneville Astros : RHP Keith Goodwin
Batting: RHB Ryan Vest 0-0: Ball
1-0: Ball
2-0: Ball
3-0: Base on Balls
Pitching: RHP Danny Jensen
Batting: RHB Ioan Biros 0-0: Ball
Wild Pitch!
Ryan Vest to second
1-0: Ball
2-0: Ball
3-0: Called Strike
3-1: Base on Balls
Batting: LHB Eric Jackson 0-0: Swinging Strike
0-1: Ball
Wild Pitch!
Ryan Vest to third
Ioan Biros to second
1-1: Ball
2-1: Fly out, F1 (Line Drive, P, EV 76.2 MPH)
Batting: RHB Mike Zepeda 0-0: Ball
1-0: Ball
2-0: Ball
3-0: Base on Balls
Batting: RHB Jeremy Sipe 0-0: Ball
1-0: Called Strike
1-1: Ball
2-1: Called Strike
2-2: Foul Ball, location: 2F
2-2: Ball
Wild Pitch!
Ryan Vest scores
Ioan Biros to third
Mike Zepeda to second
3-2: Base on Balls
Pitching: RHP Sean Mounts
Batting: LHB Bill Ostlund 0-0: Ball
1-0: Called Strike
1-1: Ball
2-1: Foul Ball, location: 2F
2-2: SINGLE (Groundball, 34D, EV 101.9 MPH)
Ioan Biros scores
Mike Zepeda to third
Jeremy Sipe to second
Runner from 3rd tries for Home, throw by RF and OUT! 9-2
Batting: RHB J.J. Basil 0-0: Ball
1-0: Ball
2-0: Ball
3-0: Base on Balls
Jeremy Sipe to third
Bill Ostlund to second
Batting: LHB Rodolfo Montes 0-0: Ground out U3 (Groundball, 3, EV 87.5 MPH)
Top of the 3rd over - 2 runs, 1 hit, 0 errors, 3 left on base; Baltimore (APP) 15 - Greeneville 0
BOTTOM OF THE 3RD
Greeneville Astros batting - Pitching for Baltimore (APP) Orioles : RHP Adam Browne
Batting: RHB Jarno van Lente 0-0: Ball
1-0: Foul Ball, location: 2F
1-1: Ball
2-1: Foul Ball, location: 2F
2-2: Foul Ball, location: 2F
2-2: Ground out 5-3 (Groundball, 56S, EV 84.4 MPH)
Batting: RHB Guo-ning Chen 0-0: Called Strike
0-1: Ball
1-1: Foul Ball, location: 2F
1-2: SINGLE (Line Drive, 9S, EV 96.9 MPH)
Batting: RHB Jason Monico 0-0: Called Strike
0-1: Called Strike
0-2: Fly out, F3 (Line Drive, 3, EV 75.6 MPH)
Lined into DP, U3 (Line Drive, 3, EV 70.0 MPH)
Bottom of the 3rd over - 0 runs, 1 hit, 0 errors, 0 left on base; Baltimore (APP) 15 - Greeneville 0
TOP OF THE 4TH
Baltimore (APP) Orioles batting - Pitching for Greeneville Astros : RHP Sean Mounts
Batting: RHB Fernando Bravo 0-0: Reached on error, E8 (Flyball, 8RM, EV 73.8 MPH)
Batting: RHB Ryan Vest 0-0: Ball
1-0: Ball
2-0: Ball
3-0: Called Strike
3-1: Base on Balls
Fernando Bravo to second
Batting: RHB Ioan Biros 0-0: Called Strike
0-1: Fly out, F9 (Line Drive, 9, EV 92.5 MPH)
Batting: LHB Eric Jackson 0-0: Ball
1-0: Foul Ball, location: 2F
1-1: SINGLE (Flyball, 4MD, EV 91.2 MPH)
Fernando Bravo to third
Ryan Vest to second
Batting: RHB Mike Zepeda 0-0: Swinging Strike
0-1: Ball
1-1: Ball
Wild Pitch!
Fernando Bravo scores
Ryan Vest to third
Eric Jackson to second
2-1: Foul Ball, location: 2F
2-2: Ball
3-2: Foul Ball, location: 2F
3-2: 3-RUN HOME RUN (Flyball, 7D, EV 99.4 MPH), Distance : 379 ft
Batting: RHB Jeremy Sipe 0-0: Foul Ball, location: 2F
0-1: Ball
1-1: Ball
2-1: Ball
3-1: Base on Balls
Batting: LHB Bill Ostlund 0-0: Ball
1-0: Ball
2-0: Foul Ball, location: 2F
2-1: Foul Ball, location: 2F
2-2: Ball
Wild Pitch!
Jeremy Sipe to second
3-2: Base on Balls
Batting: RHB J.J. Basil 0-0: Foul Ball, location: 2F
0-1: Foul Ball, location: 2F
0-2: Foul Ball, location: 2F
0-2: Hit by Pitch
Jeremy Sipe to third
Bill Ostlund to second
Batting: LHB Rodolfo Montes 0-0: Ball
1-0: Ball
2-0: Called Strike
2-1: Fielders Choice at 2nd, 6-4 (Groundball, 6, EV 106.2 MPH)
Jeremy Sipe scores
Bill Ostlund to third
Batting: RHB Fernando Bravo 0-0: Ball
Passed Ball!
Bill Ostlund scores
Rodolfo Montes to second
1-0: Foul Ball, location: 2F
1-1: Foul Ball, location: 2F
1-2: Foul Ball, location: 2F
1-2: Ball
2-2: Ball
3-2: Strikes out swinging
Top of the 4th over - 6 runs, 2 hits, 1 error, 1 left on base; Baltimore (APP) 21 - Greeneville 0
BOTTOM OF THE 4TH
Greeneville Astros batting - Pitching for Baltimore (APP) Orioles : RHP Adam Browne
Batting: RHB Edgar Trejo 0-0: Ball
1-0: Ball
2-0: Ball
3-0: Base on Balls
Batting: LHB Josh Birkner 0-0: Called Strike
0-1: Ball
Edgar Trejo steals 2nd base (no throw)
1-1: Swinging Strike
1-2: Foul Ball, location: 2F
1-2: Strikes out swinging
Batting: RHB Ryan Salas 0-0: Ball
1-0: Foul Ball, location: 2F
1-1: Ball
2-1: Ball
3-1: SINGLE (Line Drive, 34, EV 99.4 MPH)
Edgar Trejo to third
Batting: RHB Nate Britton 0-0: Ball
1-0: Grounds into double play, 5-4-3 (Groundball, 5, EV 86.9 MPH)
Bottom of the 4th over - 0 runs, 1 hit, 0 errors, 1 left on base; Baltimore (APP) 21 - Greeneville 0
TOP OF THE 5TH
Baltimore (APP) Orioles batting - Pitching for Greeneville Astros : RHP Sean Mounts
Batting: RHB Ryan Vest 0-0: Ball
1-0: Called Strike
1-1: Ball
2-1: Ball
3-1: Foul Ball, location: 2F
3-2: Strikes out swinging
Batting: RHB Ioan Biros 0-0: Swinging Strike
0-1: Ball
1-1: Ball
2-1: Ball
3-1: Base on Balls
Batting: LHB Eric Jackson 0-0: Called Strike
0-1: Ball
1-1: Called Strike
1-2: Foul Ball, location: 2F
1-2: Ball
2-2: Ball
3-2: Base on Balls
Ioan Biros to second
Batting: RHB Mike Zepeda 0-0: Ball
1-0: Ball
Wild Pitch!
Ioan Biros to third
Eric Jackson to second
2-0: Ball
3-0: Base on Balls
Batting: RHB Jeremy Sipe 0-0: Called Strike
0-1: Ball
1-1: GRAND SLAM HOME RUN (Flyball, 7D, EV 99.4 MPH), Distance : 388 ft
Batting: LHB Bill Ostlund 0-0: Called Strike
0-1: Foul Ball, location: 2F
0-2: Foul Ball, location: 2F
0-2: Ball
1-2: Ball
2-2: SOLO HOME RUN (Flyball, 9LD, EV 91.9 MPH), Distance : 340 ft
Batting: RHB J.J. Basil 0-0: Ball
1-0: DOUBLE (Groundball, 5L, EV 110.6 MPH)
Batting: LHB Rodolfo Montes 0-0: Ball
1-0: Ground out 4-3 (Groundball, 4, EV 106.9 MPH)
J.J. Basil to third
Batting: RHB Fernando Bravo 0-0: SINGLE (Groundball, 6D, EV 106.9 MPH)
J.J. Basil scores
Batting: RHB Ryan Vest 0-0: Called Strike
0-1: Ball
1-1: SINGLE (Groundball, 56D, EV 104.4 MPH)
Fernando Bravo to second
Batting: RHB Ioan Biros 0-0: Ball
1-0: Ball
2-0: Ball
3-0: Base on Balls
Fernando Bravo to third
Ryan Vest to second
Batting: LHB Eric Jackson 0-0: Ball
1-0: Fly out, F5 (Popup, 56S, EV 81.9 MPH)
Top of the 5th over - 6 runs, 5 hits, 0 errors, 3 left on base; Baltimore (APP) 27 - Greeneville 0
BOTTOM OF THE 5TH
Greeneville Astros batting - Pitching for Baltimore (APP) Orioles : RHP Adam Browne
Batting: RHB Workneh Lagat 0-0: Ground out 4-3 (Groundball, 4, EV 78.8 MPH)
Batting: LHB Jackson Trottier 0-0: Swinging Strike
0-1: Swinging Strike
0-2: Ball
1-2: Ball
2-2: Strikes out swinging
Batting: RHB Jarno van Lente 0-0: Ball
1-0: Fly out, F4 (Flyball, 34D, EV 90.0 MPH)
Bottom of the 5th over - 0 runs, 0 hits, 0 errors, 0 left on base; Baltimore (APP) 27 - Greeneville 0
TOP OF THE 6TH
Baltimore (APP) Orioles batting - Pitching for Greeneville Astros : RHP Sean Mounts
Batting: RHB Mike Zepeda 0-0: Called Strike
0-1: Ground out 6-3 (Groundball, 6, EV 80.6 MPH)
Batting: RHB Jeremy Sipe 0-0: Ball
1-0: Called Strike
1-1: Foul Ball, location: 2F
1-2: Ball
2-2: Ball
3-2: Base on Balls
Batting: LHB Bill Ostlund 0-0: Fielders Choice at 2nd, 4-6 (Groundball, 4M, EV 81.2 MPH)
Batting: RHB J.J. Basil 0-0: Fly out, F7 (Flyball, 7, EV 80.6 MPH)
Top of the 6th over - 0 runs, 0 hits, 0 errors, 1 left on base; Baltimore (APP) 27 - Greeneville 0
BOTTOM OF THE 6TH
Greeneville Astros batting - Pitching for Baltimore (APP) Orioles : RHP Adam Browne
Batting: RHB Guo-ning Chen 0-0: Ground out 6-3 (Groundball, 6, EV 88.8 MPH)
Batting: RHB Jason Monico 0-0: Called Strike
0-1: Swinging Strike
0-2: Ball
1-2: DOUBLE (Line Drive, 7LM, EV 108.1 MPH)
Batting: RHB Edgar Trejo 0-0: Ground out 6-3 (Groundball, 56, EV 102.5 MPH)
Batting: LHB Josh Birkner 0-0: Ball
1-0: DOUBLE (Line Drive, 78XD, EV 103.8 MPH)
Jason Monico scores
Batting: RHB Ryan Salas 0-0: Ball
1-0: Ball
2-0: Foul Ball, location: 2F
2-1: Ground out 3-1 (Groundball, 34, EV 81.2 MPH)
Bottom of the 6th over - 1 run, 2 hits, 0 errors, 1 left on base; Baltimore (APP) 27 - Greeneville 1
TOP OF THE 7TH
Baltimore (APP) Orioles batting - Pitching for Greeneville Astros : RHP Sean Mounts
Pinch Hitting: RHB Matt Foster 0-0: Called Strike
0-1: Ball
1-1: Ground out 4-3 (Groundball, 4, EV 88.8 MPH)
Batting: RHB Fernando Bravo 0-0: Ball
1-0: Swinging Strike
1-1: Fly out, F3 (Line Drive, 3, EV 76.2 MPH)
Batting: RHB Ryan Vest 0-0: Ball
1-0: Ball
2-0: Called Strike
2-1: Ball
3-1: Called Strike
3-2: Base on Balls
Batting: RHB Ioan Biros 0-0: Swinging Strike
0-1: Foul Ball, location: 2F
0-2: Ball
1-2: Ball
2-2: Fly out, F9 (Flyball, 89S, EV 83.1 MPH)
Top of the 7th over - 0 runs, 0 hits, 0 errors, 1 left on base; Baltimore (APP) 27 - Greeneville 1
BOTTOM OF THE 7TH
Greeneville Astros batting - Pitching for Baltimore (APP) Orioles : RHP Adam Browne
Now in LF: Matt Foster
Batting: RHB Nate Britton 0-0: Called Strike
0-1: Ball
1-1: Foul Ball, location: 2F
1-2: Ball
2-2: Ball
3-2: Strikes out looking
Batting: RHB Workneh Lagat 0-0: Ball
1-0: Ball
2-0: Called Strike
2-1: Ball
3-1: Foul Ball, location: 2F
3-2: Foul Ball, location: 2F
3-2: Ground out 6-3 (Groundball, 6, EV 87.5 MPH)
Batting: LHB Jackson Trottier 0-0: Ball
1-0: Called Strike
1-1: Swinging Strike
1-2: Ball
2-2: Foul Ball, location: 2F
2-2: Foul Ball, location: 2F
2-2: Foul Ball, location: 2F
2-2: Strikes out looking
Bottom of the 7th over - 0 runs, 0 hits, 0 errors, 0 left on base; Baltimore (APP) 27 - Greeneville 1
TOP OF THE 8TH
Baltimore (APP) Orioles batting - Pitching for Greeneville Astros : RHP Sean Mounts
Batting: LHB Eric Jackson 0-0: Fly out, F8 (Flyball, 8LXD, EV 100.6 MPH)
Batting: RHB Mike Zepeda 0-0: Ball
1-0: Called Strike
1-1: SOLO HOME RUN (Flyball, 7D, EV 101.9 MPH), Distance : 372 ft
Pinch Hitting: RHB Scott Boyd 0-0: Foul Ball, location: 2F
0-1: SINGLE (Line Drive, 34D, EV 104.4 MPH)
Pinch Hitting: RHB Ronnie Cummings 0-0: Ball
1-0: Grounds into double play, 5-4-3 (Groundball, 56S, EV 79.4 MPH)
Top of the 8th over - 1 run, 2 hits, 0 errors, 0 left on base; Baltimore (APP) 28 - Greeneville 1
BOTTOM OF THE 8TH
Greeneville Astros batting - Pitching for Baltimore (APP) Orioles : RHP Adam Browne
Now at 1B: Scott Boyd
Now in RF: Tomas de Zeeuw
Batting: RHB Jarno van Lente 0-0: Ball
1-0: Called Strike
1-1: Swinging Strike
1-2: SINGLE (Groundball, 56S, EV 71.2 MPH) (infield hit)
Pitching: RHP Angel Gonzales
Batting: RHB Guo-ning Chen 0-0: Called Strike
0-1: Ball
1-1: Called Strike
1-2: Ball
2-2: Ball
3-2: Foul Ball, location: 2F
3-2: Foul Ball, location: 2F
3-2: Foul Ball, location: 2F
3-2: Strikes out swinging
Jarno van Lente steals 2nd base (no throw)
Batter strikes out.
Batting: RHB Jason Monico 0-0: Swinging Strike
0-1: Swinging Strike
0-2: Strikes out swinging
Batting: RHB Edgar Trejo 0-0: Foul Ball, location: 2F
0-1: Called Strike
0-2: Ball
1-2: SINGLE (Groundball, 34D, EV 101.2 MPH)
Jarno van Lente to third
Runner from 3rd tries for Home, SAFE, throw by RF to home
Batting: LHB Josh Birkner 0-0: Called Strike
0-1: Swinging Strike
0-2: Strikes out swinging
Bottom of the 8th over - 1 run, 2 hits, 0 errors, 1 left on base; Baltimore (APP) 28 - Greeneville 2
TOP OF THE 9TH
Baltimore (APP) Orioles batting - Pitching for Greeneville Astros : RHP Sean Mounts
Batting: RHB J.J. Basil 0-0: Fly out, F9 (Flyball, 89XD, EV 108.1 MPH)
Batting: RHB Matt Foster 0-0: Foul Ball, location: 2F
0-1: Ball
1-1: Fly out, F6 (Flyball, 56D, EV 90.0 MPH)
Batting: RHB Fernando Bravo 0-0: Ground out 5-3 (Groundball, 15, EV 82.5 MPH)
Top of the 9th over - 0 runs, 0 hits, 0 errors, 0 left on base; Baltimore (APP) 28 - Greeneville 2
BOTTOM OF THE 9TH
Greeneville Astros batting - Pitching for Baltimore (APP) Orioles : RHP Angel Gonzales
Batting: RHB Ryan Salas 0-0: Ball
1-0: Ball
2-0: SINGLE (Line Drive, 4D, EV 100.6 MPH)
Batting: RHB Nate Britton 0-0: Ball
1-0: Ball
2-0: Foul Ball, location: 2F
2-1: Grounds into double play, 6-4-3 (Groundball, 6, EV 83.1 MPH)
Batting: RHB Workneh Lagat 0-0: Called Strike
0-1: Foul Ball, location: 2F
0-2: Foul Ball, location: 2F
0-2: Ball
1-2: Ball
2-2: Foul Ball, location: 2F
2-2: Strikes out swinging
Bottom of the 9th over - 0 runs, 1 hit, 0 errors, 0 left on base; Baltimore (APP) 28 - Greeneville 2
Thursday, March 31st , 2022 - OOTP Baseball 22.12 Build 89